 Dungeon Crawl Stone Soup version 0.24-b1-44-g37ad8b309f (webtiles) character file.

Game seed: 5073623523719759201, levelgen mode: deterministic

2681 Mrkan the Cudgeler (level 9, -2/71 HPs)
             Began as a Demonspawn Fighter on Oct 24, 2019.
             Was a Believer of Kikubaaqudgha.
             Splashed by Psyche's acid (11 damage)
             ... on level 8 of the Dungeon.
             The game lasted 00:14:27 (5805 turns).

Mrkan the Cudgeler (Demonspawn Fighter)             Turns: 5805, Time: 00:14:28

Health: -2/71      AC:  4    Str: 19    XL:     9   Next: 37%
Magic:  9/9        EV:  5    Int: 10    God:    Kikubaaqudgha [**....]
Gold:   482        SH: 14    Dex: 13    Spells: 8/8 levels left

rFire    . . .     SeeInvis +   E - +2 flail (crush)
rCold    . . .     Gourm    .   c - +0 shield
rNeg     . . .     Faith    .   v - +0 chain mail
rPois    .         Spirit   .   (helmet restricted)
rElec    .         Reflect  .   (no cloak)
rCorr    .         Harm     .   (no gloves)
MR       .....                  (no boots)
Stlth    ..........             (no amulet)
HPRegen  0.21/turn              w - ring of see invisible
MPRegen  0.11/turn              n - ring of wizardry

@: corroded
A: horns 2, large bone plates 1, spiny 2
a: Receive Corpses, Renounce Religion


You were on level 8 of the Dungeon.
You worshipped Kikubaaqudgha.
Kikubaaqudgha was pleased with you.
You were not hungry.

You visited 1 branch of the dungeon, and saw 8 of its levels.

You collected 482 gold pieces.

Inventory:

Hand Weapons
 a - a +0 flail
 E - a +2 flail of crushing (weapon)
Missiles
 h - 38 poisoned darts (quivered)
 r - 200 stones
 B - a throwing net
Armour
 c - a +0 shield (worn)
 v - a +0 chain mail (worn)
Jewellery
 d - an uncursed ring of ice
 n - a ring of wizardry (right hand)
 w - a ring of see invisible (left hand)
Wands
 C - a wand of digging (4)
 H - a wand of flame (10)
 I - a wand of polymorph (6)
Scrolls
 e - 3 scrolls of remove curse {unknown}
 g - a scroll of fog {unknown}
 i - 3 scrolls of magic mapping {unknown}
 l - 2 scrolls of immolation {unknown}
 m - a scroll of amnesia {unknown}
 q - a scroll of identify
 s - a scroll of noise {unknown}
 y - a scroll of fear {unknown}
 A - 2 scrolls of random uselessness {unknown}
 D - a scroll of summoning {unknown}
 F - 3 scrolls of teleportation {unknown}
Potions
 j - 3 potions of brilliance {unknown}
 k - 2 potions of heal wounds {unknown}
 o - 3 potions of curing
 p - 2 potions of degeneration {unknown}
 t - a potion of resistance {unknown}
 u - 2 potions of berserk rage {unknown}
 x - a potion of lignification {unknown}
 z - a potion of might
Comestibles
 f - 13 rations


   Skills:
 + Level 6.6 Fighting
 * Level 7.9 Maces & Flails
 - Level 2.6 Armour
 + Level 6.0 Shields
 + Level 5.2 Necromancy


You had 8 spell levels left.
You didn't know any spells.
Your spell library contained the following spells:

 Spells                   Type           Power        Failure   Level  Hunger
 Animate Skeleton         Necr           N/A          54%         1    ##.....
 Pain                     Necr           ##..         54%         1    ##.....
 Sublimation of Blood     Necr           ##........   69%         2    ###....
 Regeneration             Chrm/Necr      #.........   99%         3    ####...


Dungeon Overview and Level Annotations

Branches:
Dungeon (8/15)             Temple (0/1) D:5
   Lair: D:8-11

Altars:
Cheibriados
Dithmenos
Fedhas
Kikubaaqudgha
Makhleb
Okawaru
Sif Muna
Uskayaw
Vehumet
Zin
The Shining One

Shops:
D:7 =

Annotations:
D:8 Psyche


Innate Abilities, Weirdness & Mutations

You have a pair of horns on your head.
You are partially covered in large bone plates. (SH +4)
You are mostly covered in sharp spines.


Message History

The acid corrodes you!
You are splashed with acid!
* * * LOW HITPOINT WARNING * * *
An orc comes into view.
The orc throws a boomerang.
The boomerang hits you.
* * * LOW HITPOINT WARNING * * *
The weapon returns to the orc!
Okay, then.
It was a potion of curing.
You feel better.
The orc throws a boomerang.
You block the boomerang.
The weapon returns to the orc!
The orc closely misses you.
Psyche casts a spell.
Psyche seems to speed up.
Psyche zaps a wand.
The bolt of acid hits the orc!
The orc is splashed with acid.
The orc dies!
The bolt of acid hits you.
* * * LOW HITPOINT WARNING * * *
You are splashed with acid!
You die...
Kikubaaqudgha rasps: "You have failed me!
Welcome... death!"

... ###### .... #..
##..#. ....
###.###....##.....
.#.....#.....#...#
.................##.
#....................
.....................
.............<.......
...........@.........
..............#......
#........)....##.....
........@.........../
........####.#W......
.#.......##..##o.....
#.......@#...##.....
...............ยง.....
..............####...


You could see Psyche, a phantom and an orc.

Vanquished Creatures
  A hippogriff (D:7)
  A hungry ghost (D:7)
  Menkaure (D:6)
  2 water moccasins
  Edmund (D:6)
  3 ice beasts
  2 sky beasts
  3 ogres
  2 phantoms (D:6)
  4 bullfrogs
  A scorpion (D:3)
  A howler monkey (D:3)
  A crimson imp (D:6)
  A centaur zombie (D:7)
  A quasit (D:7)
  A hound (D:4)
  An orc wizard (D:6)
  An orc priest (D:4)
  An iron imp (D:7)
  A jelly (D:6)
  2 iguanas
  5 worker ants
  A killer bee zombie (D:8)
  3 hound skeletons
  A worker ant zombie (D:7)
  10 adders
  2 shadow imps
  3 oozes
  An adder zombie (D:6)
  An adder skeleton (D:4)
  5 worms
  A dart slug (D:1)
  5 leopard geckos
  13 orcs
  5 giant cockroaches
  9 goblins
  10 hobgoblins
  6 jackals (D:1)
  7 kobolds
  A quokka (D:2)
  2 ball pythons
  9 bats
  7 frilled lizards
  A jackal zombie (D:5)
  6 rats
146 creatures vanquished.

Vanquished Creatures (others)
  A human (D:7)
  2 orcs (D:8)
3 creatures vanquished.

Grand Total: 149 creatures vanquished

Notes
Turn   | Place    | Note
-------+----------+-------------------------------------------
     0 | D:1      | Mrkan the Demonspawn Fighter began the quest for the Orb.
     0 | D:1      | Reached XP level 1. HP: 18/18 MP: 1/1
    59 | D:1      | Reached skill level 2 in Maces & Flails
    99 | D:1      | Gained mutation: You are partially covered in sharp spines.
                  | [demonic ancestry]
    99 | D:1      | Reached XP level 2. HP: 24/24 MP: 2/2
   294 | D:1      | Gained mutation: You have a pair of small horns on your
                  | head. [demonic ancestry]
   294 | D:1      | Reached XP level 3. HP: 23/29 MP: 3/3
   953 | D:2      | Found a radiant altar of Vehumet.
   959 | D:2      | Reached skill level 3 in Maces & Flails
   959 | D:2      | Gained mutation: You are mostly covered in sharp spines.
                  | [demonic ancestry]
   959 | D:2      | Reached XP level 4. HP: 30/35 MP: 4/4
  1220 | D:2      | Found a blossoming altar of Fedhas.
  1932 | D:3      | Reached XP level 5. HP: 42/42 MP: 5/5
  1999 | D:3      | Found an ancient bone altar of Kikubaaqudgha.
  2091 | D:3      | Found a glowing golden altar of the Shining One.
  2272 | D:4      | Noticed an ogre
  2295 | D:3      | Reached skill level 4 in Maces & Flails
  2310 | D:3      | Killed an ogre
  2310 | D:3      | Reached XP level 6. HP: 23/49 MP: 6/6
  2477 | D:3      | Became a worshipper of Kikubaaqudgha
  2702 | D:4      | Reached skill level 1 in Necromancy
  2962 | D:4      | Found a burning altar of Makhleb.
  2964 | D:4      | Found a hide-covered altar of Uskayaw.
  3146 | D:5      | Entered Level 5 of the Dungeon
  3146 | D:5      | Noticed an ice beast
  3146 | D:5      | Noticed a sky beast
  3157 | D:5      | Killed an ice beast
  3157 | D:5      | Reached skill level 5 in Maces & Flails
  3157 | D:5      | Gained mutation: You are partially covered in large bone
                  | plates. (SH +4) [demonic ancestry]
  3157 | D:5      | Reached XP level 7. HP: 18/55 MP: 7/7
  3167 | D:4      | Reached * piety under Kikubaaqudgha
  3167 | D:4      | Identified Kikubaaqudgha's Volume of Black Secrets
                  | (Kikubaaqudgha gifted it to you on level 4 of the Dungeon)
  3167 | D:4      | Received a gift from Kikubaaqudgha
  3558 | D:5      | Found a staircase to the Ecumenical Temple.
  3693 | D:5      | Reached skill level 5 in Fighting
  4152 | D:6      | Noticed Edmund
  4163 | D:6      | Killed Edmund
  4371 | D:6      | Gained mutation: You have a pair of horns on your head.
                  | [demonic ancestry]
  4371 | D:6      | Reached XP level 8. HP: 61/62 MP: 8/8
  4376 | D:6      | Found an iron altar of Okawaru.
  4380 | D:6      | Reached skill level 6 in Maces & Flails
  4432 | D:6      | Reached skill level 5 in Shields
  4453 | D:6      | Noticed Menkaure
  4459 | D:6      | Killed Menkaure
  4609 | D:6      | Found a shimmering blue altar of Sif Muna.
  4654 | D:6      | You fall into a shaft and drop 1 floor!
  4836 | D:6      | Found a glowing silver altar of Zin.
  4997 | D:6      | Found a shadowy altar of Dithmenos.
  5259 | D:7      | Noticed a hippogriff
  5274 | D:7      | Reached skill level 7 in Maces & Flails
  5278 | D:7      | Killed a hippogriff
  5338 | D:7      | Reached XP level 9. HP: 68/69 MP: 9/9
  5339 | D:7      | Reached ** piety under Kikubaaqudgha
  5429 | D:7      | Found an ancient bone altar of Kikubaaqudgha.
  5439 | D:7      | Found Fiwki's Jewellery Shop.
  5592 | D:7      | Reached skill level 5 in Necromancy
  5661 | D:7      | Found a snail-covered altar of Cheibriados.
  5731 | D:7      | Found a blossoming altar of Fedhas.
  5792 | D:8      | Noticed Psyche
  5800 | D:8      | HP: 3/71 [acid (16)]
  5802 | D:8      | HP: 1/71 [orc/boomerang (2)]
  5805 | D:8      | Splashed by Psyche's acid

Skill      XL: |  1  2  3  4  5  6  7  8  9 |
---------------+----------------------------+-----
Maces & Flails | 2 3 4 5 7 |  7.9
Shields        | 3 4 5 6 |  6.0
Fighting       | 4 5 6 |  6.6
Necromancy     | 1 2 4 5 |  5.2
Armour         | |  2.6

Action                   |  1- 3 |  4- 6 |  7- 9 || total
-------------------------+-------+-------+-------++-------
Melee: Flail             |   117 |   127 |   184 ||   428
       Headbutt          |     4 |    23 |    42 ||    69
  Use: Potion            |       |     1 |     2 ||     3
       Scroll            |       |       |     3 ||     3
  Eat: Chunk             |       |     7 |     4 ||    11
       Ration            |       |       |     2 ||     2
Armor: Scale mail        |    58 |    14 |       ||    72
       Chain mail        |       |    46 |    74 ||   120
Dodge: Dodged            |    34 |    21 |    23 ||    78
Block: Shield            |    56 |    63 |   121 ||   240
